AoeStats
← Ragnar

Nomad

510314545Analyzed
4v4 RM · 3d ago on Sep 30, 2026· 50m 54s· 8 players
Game mode
Random Map
Map size
231×231
Population
200
Speed
Normal
Resources
Standard
Victory
Conquest
Starting age
Dark Age
Ending age
Imperial Age
RankedLock teamsTeams togetherTeam positionsShared explorationLock speedFull tech treeHidden civsTurbo modeCheats
Victory
Defeat
🇨🇦 Britons · Canada
1107
+17
🇨🇳 Saxons · China
1102
+17
🇨🇳 Huns · China
1088
+18
🇫🇮 Varangians · Finland
1074
+18
🇨🇳 Wei · China
1186
-20
🇨🇳 Portuguese · China
1167
-19
🇺🇸 Malians · United States
1141
-18
🇨🇳 Franks · China
1016
-13
Ragnar
5:35 Loom
14:08 Feudal Age
19:31 Castle Age
18:35 Double-Bit Axe
18:32 Horse Collar
19:03 Fishing Lines
20:50 Bow Saw
24:36 Stone Mining
24:38 Gold Mining
32:23 Imperial Age
31:16 Gold Shaft Mining
32:08 Forging
31:59 Scale Mail Armor
33:12 Wheelbarrow
32:40 Gambesons
34:53 Iron Casting
34:33 Chain Mail Armor
34:33 Elite Varangian Guard
35:51 Squires
38:48 Plate Mail Armor
39:46 Conscription
38:50 Shield Wall
40:40 Arson
41:45 Elite Hearth Troop
43:01 Hand Cart
50:52 Chemistry
49:58 Siege Engineers
OwlfromLarsmo
3:34 Loom
14:48 Feudal Age
15:22 Double-Bit Axe
15:24 Town Watch
15:34 Gold Mining
16:00 Fishing Lines
21:44 Castle Age
19:49 Stone Mining
22:35 Bow Saw
23:04 Wheelbarrow
22:21 Fletching
23:07 Medium Warships
24:46 Bodkin Arrow
26:25 Horse Collar
27:16 Heavy Plow
31:46 Forging
35:58 Imperial Age
33:48 Scale Barding Armor
35:49 Iron Casting
36:29 Chain Barding Armor
37:06 Elite Jarl
38:06 Husbandry
38:37 Bloodlines
40:40 Blast Furnace
40:55 Plate Barding Armor
41:17 Gothikon
42:26 Scale Mail Armor
42:00 Elite Varangian Guard
42:42 Squires
44:40 Two-Man Saw
45:33 Chain Mail Armor
46:04 Conscription
47:47 Plate Mail Armor
49:06 Arson
PlayerNbrOne
5:16 Loom
15:37 Feudal Age
19:17 Castle Age
17:07 Double-Bit Axe
17:37 Stone Mining
18:46 Gold Mining
18:51 Horse Collar
20:03 Wheelbarrow
21:01 Bow Saw
21:12 Heavy Plow
24:34 Hand Cart
24:24 Fletching
25:14 Bodkin Arrow
26:09 Town Watch
27:44 Ballistics
30:43 Padded Archer Armor
30:46 Treadmill Crane
33:07 Yeomen
39:11 Imperial Age
40:18 Bracer
41:43 Elite Longbowman
45:05 Chemistry
45:16 Siege Engineers
45:13 Warwolf
45:34 Conscription
49:18 Leather Archer Armor
51:29 Ring Archer Armor
cihuncihome
5:18 Loom
14:43 Feudal Age
15:36 Double-Bit Axe
17:25 Town Watch
18:36 Gold Mining
18:30 Fishing Lines
21:09 Castle Age
19:45 Bloodlines
19:43 Scale Barding Armor
23:56 Forging
23:56 Husbandry
32:55 Iron Casting
37:11 Pikeman
We lost everything!
12:17 Loom
14:38 Feudal Age
20:07 Castle Age
18:03 Gold Mining
18:42 Double-Bit Axe
20:26 Stone Mining
28:38 Forging
29:22 Scale Barding Armor
36:00 Imperial Age
34:05 Wheelbarrow
33:18 Town Watch
34:09 Bow Saw
34:33 Ballistics
34:09 Murder Holes
35:15 Hand Cart
36:23 Husbandry
36:37 Masonry
36:08 Treadmill Crane
37:05 Iron Casting
36:51 Chain Barding Armor
36:21 Fletching
38:02 Gold Shaft Mining
38:01 Heavy Scorpion
38:12 Cavalier
40:12 Chemistry
39:45 Siege Engineers
40:44 Blast Furnace
39:40 Bodkin Arrow
40:38 Paladin
44:49 Plate Barding Armor
45:39 Conscription
48:50 Chivalry
subaru
4:07 Loom
14:13 Feudal Age
18:55 Castle Age
17:00 Stone Mining
17:02 Gold Mining
18:14 Double-Bit Axe
19:19 Wheelbarrow
19:07 Stone Mining
19:44 Fletching
19:54 Padded Archer Armor
21:04 Horse Collar
21:39 Medium Warships
28:12 Bodkin Arrow
28:37 Bloodlines
28:30 Husbandry
30:54 Leather Archer Armor
33:21 Heavy Plow
34:13 Thumb Ring
39:45 Imperial Age
41:37 Gold Shaft Mining
41:38 Stone Shaft Mining
42:31 Tuntian
43:48 Elite Skirmisher
44:53 Parthian Tactics
44:54 Bracer
45:25 Ring Archer Armor
yangyang
5:18 Loom
15:00 Feudal Age
20:37 Castle Age
19:22 Scale Barding Armor
22:07 Forging
31:48 Double-Bit Axe
47:49 Horse Collar
50:19 Wheelbarrow
Alarich1000
3:54 Loom
14:45 Feudal Age
15:53 Fishing Lines
19:13 Castle Age
17:35 Horse Collar
18:40 Double-Bit Axe
19:12 Town Watch
20:20 Bow Saw
21:43 Wheelbarrow
21:49 Gold Mining
21:49 Stone Mining
24:22 Heavy Plow
27:28 Hand Cart
32:00 Imperial Age
30:13 Husbandry
31:47 Bloodlines
31:50 Forging
31:46 Scale Barding Armor
34:21 Iron Casting
34:06 Chain Barding Armor
35:00 Town Patrol
35:31 Masonry
35:47 Farimba
36:24 Conscription
36:31 Chain Barding Armor
36:08 Murder Holes
37:17 Heavy Camel Rider
38:12 Man-at-Arms
38:53 Squires
38:39 Arson
39:42 Long Swordsman
40:14 Two-Handed Swordsman
41:30 Scale Mail Armor
40:53 Champion
Connection lost

Rejoining the realm…

Still unreachable

The connection could not be restored.

Session expired

The server has moved on; the page needs a fresh start.